 Dungeon Crawl Stone Soup version 0.28.0-43-g3370ac3207 (webtiles) character file.

Game seed: 2009183881511909919

6370 safid the Severer (level 10, -1/86 HPs)
             Began as a Hill Orc Fighter on Mar 7, 2022.
             Was a Believer of Beogh.
             Slain by a two-headed ogre
             ... wielding a +0 giant spiked club
              (22 damage)
             ... on level 9 of the Dungeon.
             The game lasted 00:16:33 (9198 turns).

safid the Severer (Hill Orc Fighter)                Turns: 9198, Time: 00:16:34

Health: -1/86      AC: 13    Str: 24    XL:     10   Next: 97%
Magic:  14/14      EV: 10    Int:  8    God:    Beogh [**....]
Gold:   285        SH:  4    Dex: 10    Spells: 9/9 levels left

rFire   + . .      SeeInvis .   a - +0 war axe
rCold   . . .      Faith    .   c - +0 buckler
rNeg    + . .      Spirit   .   b - +0 scale mail
rPois   +          Reflect  .   m - +0 helmet
rElec   .          Harm     .   (no cloak)
rCorr   .          Rampage  .   g - +0 pair of gloves
Will    .....                   p - +2 pair of boots
Stlth   ..........              J - amulet of the acrobat
HPRegen 0.24/turn               e - ring of protection from fire
MPRegen 0.14/turn               H - ring "Asaosk" {*Slow rPois rN+ Slay+2}

@: about to teleport
A: no striking features
a: Renounce Religion, Smiting


You were on level 9 of the Dungeon.
You worshipped Beogh.
Beogh was pleased with you.
You visited 1 branch of the dungeon, and saw 9 of its levels.

You collected 467 gold pieces.
You spent 182 gold pieces at shops.

Inventory:

Hand Weapons
 a - a +0 war axe (weapon)
 x - a +2 whip of flaming
 B - a +1 hand axe of venom
Missiles
 y - 22 poisoned darts (quivered)
Armour
 b - a +0 scale mail (worn)
 c - a +0 buckler (worn)
 g - a +0 pair of gloves (worn)
 m - a +0 helmet (worn)
 p - a +2 pair of boots (worn)
Jewellery
 e - a ring of protection from fire (left hand)
 D - a ring of willpower
 H - the ring "Asaosk" (right hand) {*Slow rPois rN+ Slay+2}
   (You found it on level 7 of the Dungeon)

   [ring of positive energy]

   Slay:      It affects your accuracy & damage with ranged weapons and melee
   (+2).
   rPois:     It protects you from poison.
   rN:        It protects you from negative energy.
   *Slow:     It may slow you when you take damage.
 J - an amulet of the acrobat (around neck)
Wands
 n - a wand of paralysis (6)
 w - a wand of digging (5)
 C - a wand of charming (9)
 K - a wand of flame (21)
Scrolls
 f - 2 scrolls of fog
 k - a scroll of teleportation
 o - 6 scrolls of enchant armour {unknown}
 q - 2 scrolls of fear
 t - a scroll of magic mapping
 z - a scroll of enchant weapon {unknown}
 A - a scroll of amnesia {unknown}
 F - a scroll of blinking {unknown}
Potions
 d - 2 potions of might
 h - a potion of resistance {unknown}
 i - 6 potions of haste
 j - a potion of invisibility
 l - 2 potions of attraction {unknown}
 r - a potion of berserk rage {unknown}
 s - 2 potions of curing
 u - a potion of magic {unknown}
 v - a potion of degeneration {unknown}
 E - a potion of cancellation {unknown}
 G - a potion of ambrosia {unknown}
 I - 2 potions of brilliance {unknown}


   Skills:
 + Level 7.0 Fighting
 - Level 16.0 Axes
 + Level 6.6 Armour
 - Level 2.0 Dodging
 - Level 4.0 Shields
 + Level 6.0 Invocations
 + Level 4.6 Evocations


You had 9 spell levels left.
You didn't know any spells.
Your spell library contained the following spells:

 Spells                   Type           Power      Damage    Failure   Level
 Sandblast                Erth           0%         2d4       77%         1
 Sting                    Tmut/Pois      0%         1d3       77%         1
 Summon Small Mammal      Summ           0%         N/A       77%         1
 Passwall                 Tmut/Erth      0%         N/A       88%         2
 Poisonous Vapours        Pois/Air       0%         N/A       88%         2
 Call Canine Familiar     Summ           0%         N/A       98%         3
 Conjure Flame            Conj/Fire      0%         6-21      98%         3
 Dazzling Flash           Conj/Hex       0%         N/A       98%         3
 Ignite Poison            Fire/Tmut/Pois 0%         N/A       98%         3
 Stone Arrow              Conj/Erth      0%         3d7       98%         3
 Summon Guardian Golem    Hex/Summ       0%         N/A       98%         3
 Olgreb's Toxic Radiance  Pois           0%         N/A       100%        4
 Sticky Flame             Conj/Fire      0%         2d3       100%        4
 Agony                    Necr           0%         N/A       100%        5
 Silence                  Hex/Air        0%         N/A       100%        5


Dungeon Overview and Level Annotations

Branches:
Dungeon (9/15)             Temple (0/1) D:7
   Lair: D:8-11         Orc: D:9-12

Altars:
Ashenzari
Gozag
Hepliaklqana
Makhleb
Sif Muna

Shops:
D:5 !

Annotations:
D:6 1 runed translucent door, Crazy Yiuf


Message History

The two-headed ogre is moderately wounded.
You hit the two-headed ogre but do no damage.
The two-headed ogre is moderately wounded.
The two-headed ogre hits you with a +0 giant spiked club!
The two-headed ogre hits you with a +0 giant spiked club!!
You slash the two-headed ogre!
The two-headed ogre is heavily wounded.
You barely miss the two-headed ogre.
The two-headed ogre is heavily wounded.
The two-headed ogre barely misses you.
The two-headed ogre hits you with a +0 giant spiked club!!
* * * LOW HITPOINT WARNING * * *
Aiming: Throw Flame
Press: ? - help, Shift-Dir - straight line, f/p - two-headed ogre
Aim: a two-headed ogre, wielding two +0 giant spiked clubs (severely wounded, poisoned, 88% to hit)
The puff of flame hits the two-headed ogre!
The two-headed ogre is severely wounded.
The two-headed ogre hits you with a +0 giant spiked club!
* * * LOW HITPOINT WARNING * * *
You block the two-headed ogre's attack.
Things that are here:
a +0 dagger; a +0 robe The two-headed ogre looks more healthy.
Found 5 gold pieces.
A two-headed ogre comes into view.
It is wielding a +0 giant club and a +0 giant spiked club.
The two-headed ogre shouts in stereo!
There is a stone staircase leading up here.
There is a stone staircase leading up here.
There is a stone staircase leading up here.
The two-headed ogre hits you with a +0 giant spiked club!
* * * LOW HITPOINT WARNING * * *
The two-headed ogre barely misses you. The two-headed ogre closely misses you.
The two-headed ogre hits you but does no damage.
There is a stone staircase leading up here.
There is a stone staircase leading up here.
As you read the scroll of teleportation, it crumbles to dust.
You feel strangely unstable.
The two-headed ogre hits you with a +0 giant spiked club!!
You die...

##....#.### ##.##
#.........#.. #..#
#..#....###.# ##.#
#...#.......#. #.##
#.......#..... #..#
#........#..## ##.#
#.#.#.#..∩..# ##.####
#........#######......
#.<#.@............####
##.##O#..##.##.....#
#...O.#......+.........
#.......###.##....#.###
#.#......##.##....#.#
#+#+####....##....#.#
#######....#.. ###### .


You could see 2 two-headed ogres.

Vanquished Creatures
  A two-headed ogre (D:8)
  Pikel (D:6)
  Psyche (D:8)
  A wyvern (D:7)
  11 yaks
  3 steam dragons
  Menkaure (D:4)
  A water moccasin (D:6)
  A sky beast (D:7)
  An orc warrior (D:7)
  An ice beast (D:7)
  A necrophage (D:7)
  4 ogres
  A centaur (D:7)
  A lemure (D:6)
  3 bullfrogs
  3 kobold brigands
  2 scorpions (D:6)
  2 wyvern zombies
  5 killer bees (D:8)
  4 howler monkeys
  A vampire bat (D:5)
  A bullfrog zombie (D:6)
  3 centaur zombies
  5 orc priests
  A hound (D:6)
  3 jellies
  A centaur skeleton (D:6)
  Jessica (D:3)
  Natasha (D:4)
  3 iguanas
  8 orc wizards
  A river rat (D:5)
  4 adders
  2 howler monkey skeletons
  An ufetubus (D:5)
  A worm (D:4)
  The ghost of Acetwo5 the Sneak, a weakling MiDe (D:5)
  A dart slug (D:2)
  3 fire bats (D:5)
  16 orcs
  2 spectral bats (D:5)
  17 bats
  A bat simulacrum (D:5)
  3 bat skeletons (D:5)
  A bat zombie (D:5)
  8 endoplasms
  4 giant cockroaches (D:1)
  8 goblins
  3 hobgoblins
  2 jackals (D:2)
  5 quokkas
  9 ball pythons
  2 frilled lizards
  22 kobolds
  6 rats
200 creatures vanquished.

Vanquished Creatures (others)
  An orc priest (D:6)
  An orc wizard (D:6)
  2 orcs (D:6)
4 creatures vanquished.

Grand Total: 204 creatures vanquished

Notes
Turn   | Place    | Note
-------+----------+-------------------------------------------
     0 | D:1      | safid the Hill Orc Fighter began the quest for the Orb.
     0 | D:1      | Reached XP level 1. HP: 19/19 MP: 1/1
   175 | D:1      | Reached skill level 3 in Axes
   175 | D:1      | Reached XP level 2. HP: 16/27 MP: 2/2
   656 | D:1      | Reached XP level 3. HP: 33/33 MP: 3/3
  1653 | D:2      | Reached XP level 4. HP: 40/40 MP: 4/4
  1874 | D:2      | Reached skill level 4 in Axes
  2258 | D:3      | Found a faded altar of an unknown god.
  2323 | D:3      | Noticed Jessica
  2328 | D:3      | Reached skill level 5 in Axes
  2328 | D:3      | Reached XP level 5. HP: 46/46 MP: 5/5
  2329 | D:3      | Killed Jessica
  2766 | D:4      | Noticed Menkaure
  2774 | D:4      | Killed Menkaure
  2775 | D:4      | Reached skill level 7 in Axes
  2775 | D:4      | Reached XP level 6. HP: 29/52 MP: 6/6
  3249 | D:4      | Noticed Natasha
  3254 | D:4      | Killed Natasha
  3434 | D:4      | Found a shimmering blue altar of Sif Muna.
  3545 | D:5      | Entered Level 5 of the Dungeon
  3556 | D:5      | Found a hazy altar of Hepliaklqana.
  3567 | D:5      | Reached skill level 8 in Axes
  3616 | D:5      | Found Izahif's Distillery.
  3624 | D:5      | Bought a potion of curing for 42 gold pieces
  3624 | D:5      | Bought a potion of haste for 140 gold pieces
  3698 | D:5      | Found a runed translucent door.
  3703 | D:5      | Noticed Acetwo5's ghost (weakling MiDe)
  3754 | D:5      | Reached XP level 7. HP: 41/59 MP: 7/7
  3965 | D:5      | Reached skill level 9 in Axes
  4006 | D:5      | Found an opulent altar of Gozag.
  4094 | D:5      | Found a broken altar of Ashenzari.
  4119 | D:5      | Found a runed translucent door.
  4439 | D:5      | Reached skill level 10 in Axes
  4636 | D:5      | Killed Acetwo5's ghost
  4687 | D:6      | Became a worshipper of Beogh the Brigand
  4866 | D:6      | Noticed a steam dragon
  4871 | D:6      | Reached XP level 8. HP: 61/66 MP: 8/8
  4879 | D:6      | Reached skill level 11 in Axes
  5106 | D:6      | Reached skill level 12 in Axes
  5609 | D:6      | Reached skill level 13 in Axes
  5609 | D:6      | Reached * piety under Beogh
  5923 | D:6      | Found a runed translucent door.
  5924 | D:6      | Noticed Crazy Yiuf
  6080 | D:7      | Noticed Pikel
  6125 | D:6      | Killed Pikel
  6126 | D:6      | Reached skill level 14 in Axes
  6126 | D:6      | Reached XP level 9. HP: 51/71 MP: 9/9
  6248 | D:7      | Found a staircase to the Ecumenical Temple.
  6280 | D:7      | Reached skill level 15 in Axes
  7050 | D:7      | Reached skill level 16 in Axes
  7213 | D:7      | Reached skill level 1 in Invocations
  7213 | D:7      | Reached skill level 1 in Evocations
  7217 | D:7      | Identified the ring "Asaosk" {*Slow rPois rN+ Slay+2}
  7478 | D:8      | Reached skill level 1 in Dodging
  7690 | D:8      | Reached XP level 10. HP: 63/80 MP: 11/11
  7808 | D:8      | Reached skill level 5 in Fighting
  7812 | D:8      | Reached skill level 5 in Armour
  7863 | D:7      | Reached ** piety under Beogh
  8226 | D:8      | Noticed Psyche
  8232 | D:8      | Killed Psyche
  8291 | D:8      | Noticed a two-headed ogre
  8301 | D:8      | Killed a two-headed ogre
  8359 | D:8      | Found a burning altar of Makhleb.
  8454 | D:8      | Reached skill level 5 in Invocations
  9077 | D:9      | Noticed a two-headed ogre
  9152 | D:9      | Noticed a two-headed ogre
  9198 | D:9      | Slain by a two-headed ogre

Illustrated notes

Levels and vault maps discovered:
D:1:      onia_arrival_pyramid, layout_basic, supply_closet_lemuel
D:2:      layout_basic
D:3:      layout_basic, basic_ecumenical_altar, uniq_jessica
D:4:      layout_rooms, lemuel_doored_altar, serial_corexii_hall,
          corexii_hall_statues_s, chequers_hall_statues_y,
          corexii_hall_statues_s, corexii_hall_statues_u,
          corexii_hall_statues_t, chequers_hall_statues_corner_a, uniq_menkaure,
          uniq_natasha
D:5:      layout_basic, cheibrodos_ashenzari_chains,
          nicolae_gozag_cash_rules_everything_around_me, old_standard_altar,
          ebering_ghost_sewer_f, serial_shops, nicolae_diamond_shop,
          goddamned_bats
D:6:      layout_cave_pods, uniq_crazy_yiuf_cottage
D:7:      layout_cave_pools, minmay_temple_entry_antechambers,
          chequers_hall_statues_corner_a, uniq_pikel
D:8:      layout_cave_pools, mainiacjoe_overflow_paths,
          minmay_fractal_squares_gapless_5, uniq_psyche
D:9:      layout_basic, orc_0_dummy, abandoned_shop

Skill      XL: |  1  2  3  4  5  6  7  8  9 10 |
---------------+-------------------------------+-----
Axes           | 3 5 7 8 10 14 16 | 16.0
Fighting       | 4 7 |  7.0
Armour         | 4 6 |  6.6
Shields        | 4 |  4.0
Invocations    | 2 6 |  6.0
Evocations     | 1 4 |  4.6
Dodging        | 1 2 |  2.0

Action                   |  1- 3 |  4- 6 |  7- 9 | 10-12 || total
-------------------------+-------+-------+-------+-------++-------
Melee: War axe           |   115 |    75 |   264 |   158 ||   612
Throw: Dart              |       |       |       |    10 ||    10
Invok: Convert to Beogh  |       |       |     1 |       ||     1
Evoke: Wand              |       |       |       |     1 ||     1
  Use: Potion            |       |     1 |       |       ||     1
       Scroll            |       |       |     6 |     2 ||     8
 Stab: Distracted        |       |       |       |     1 ||     1
Armor: Scale mail        |    60 |    31 |   160 |    40 ||   291
Dodge: Dodged            |    71 |    35 |   130 |    40 ||   276
Block: Buckler           |    29 |    19 |    79 |    15 ||   142
